 Dungeon Crawl Stone Soup version 0.18-a0-1071-g9f02aef (webtiles) character file.

939767 Vodkovich the Gargoyle Barricade (level 27, -17/199 HPs)
             Began as a Gargoyle Fighter on Jan 14, 2016.
             Was the Champion of Okawaru.
             Demolished by Antaeus (37 damage)
             ... on level 7 of Cocytus.
             The game lasted 07:33:18 (88753 turns).

Vodkovich the Gargoyle Barricade (GrFi)            Turns: 88753, Time: 07:33:18

Health: -17/199    AC: 74    Str: 45    XL:     27
Magic:  24/27      EV: 16    Int: 10    God:    Okawaru [******]
Gold:   12548      SH: 35    Dex: 14    Spells: 0 memorised, 26 levels left

rFire  + . .     SeeInvis .     S - +11 demon whip of the Tooth {venom, *Corrode +Inv rN+ Str+7}
rCold  + + +     Gourm    .     K - +14 crystal plate armour
rNeg   + + +     Faith    .     i - +4 large shield "Sefebere" {Dex+3}
rPois  ∞         Spirit   .     k - +2 hat {MR+}
rElec  +         Dismiss  .     g - +1 cloak {rPois}
rCorr  +         Reflect  .     D - +2 pair of gloves "Majuon" {rN+ rCorr Str+7 Int-3}
SustAt +         Harm     .     z - +1 pair of boots of the Serpent {*Drain rN+ Str+6 Stlth+}
MR     +++++     Rnd*Tele +     a - amulet of regeneration
Stlth  ..........               E - ring of Oenomania {SustAt rElec rPois rC+ Stlth-}
                                U - ring of Koqo Xoezogh {rPois rC+ MR+++ Dex-5}

@: mighty, resistant, finesse, frozen, corroded equipment, flying, very slow,
almost entirely resistant to hostile enchantments, extremely unstealthy
A: big wings, blink, blurry vision 1, clumsy 1, low mp 2, negative energy
resistance 1, electricity resistance, slow regeneration 1, teleportitis 2,
unbreathing, petrification resistance, rot immunity, AC +20
a: Stop Flying, Blink, Heroism, Finesse, Renounce Religion, Evoke Invisibility
}: 6/15 runes: barnacled, slimy, silver, golden, bone, gossamer


You were on level 7 of Cocytus.
You worshipped Okawaru.
Okawaru was exalted by your worship.
You were not hungry.

You visited 16 branches of the dungeon, and saw 75 of its levels.
You visited the Abyss 2 times.
You visited 1 bazaar.
You also visited: Trove.

You collected 13312 gold pieces.
You spent 764 gold pieces at shops.

Inventory:

Hand Weapons
 S - the +11 demon whip of the Tooth (weapon) {venom, *Corrode +Inv rN+ Str+7}
   (Okawaru gifted it to you on level 11 of the Dungeon)

   It poisons the flesh of those it strikes.
   It affects your strength (+7).
   It protects you from negative energy.
   It lets you turn invisible.
   It may corrode your equipment when you take damage.
Missiles
 P - 21 poisoned javelins (quivered)
Armour
 g - a +1 cloak of poison resistance (worn)
 i - the +4 large shield "Sefebere" (worn) {Dex+3}
   (Okawaru gifted it to you on level 14 of the Dungeon)

   It affects your dexterity (+3).
 k - a +2 hat of magic resistance (worn)
 z - the +1 pair of boots of the Serpent (worn) {*Drain rN+ Str+6 Stlth+}
   (You found it on level 4 of the Depths)

   It affects your strength (+6).
   It protects you from negative energy.
   It causes draining when unequipped.
   It makes you more stealthy.
 D - the +2 pair of gloves "Majuon" (worn) {rN+ rCorr Str+7 Int-3}
   (Okawaru gifted it to you on level 2 of the Orcish Mines)

   It affects your strength (+7).
   It affects your intelligence (-3).
   It protects you from negative energy.
   It protects you from acid and corrosion.
 K - a +14 crystal plate armour (worn)
Jewellery
 a - an amulet of regeneration (around neck)
 b - the ring "Budiagh" {MR++ Dex+2}
   (You found it on level 7 of Cocytus)

   [ring of dexterity]

   It affects your dexterity (+2).
   It affects your resistance to hostile enchantments.
 E - the ring of Oenomania (right hand) {SustAt rElec rPois rC+ Stlth-}
   (You found it on level 3 of the Tomb of the Ancients)

   [ring of sustain attributes]

   It sustains your strength, intelligence and dexterity.
   It protects you from cold.
   It insulates you from electricity.
   It protects you from poison.
   It makes you less stealthy.
 G - a +5 amulet of reflection
 Q - an uncursed ring of protection from fire
 U - the ring of Koqo Xoezogh (left hand) {rPois rC+ MR+++ Dex-5}
   (You found it on level 3 of the Crypt)

   [ring of poison resistance]

   It affects your dexterity (-5).
   It protects you from cold.
   It protects you from poison.
   It affects your resistance to hostile enchantments.
 W - the ring "Fazu" {Slay+2 SInv Stlth-}
   (You found it on level 5 of the Vaults)

   [ring of loudness]

   It affects your accuracy and damage with ranged weapons and melee attacks
   (+2).
   It lets you see invisible.
   It makes you less stealthy.
Wands
 s - a wand of heal wounds (0/9)
 C - a wand of teleportation (0/9)
 V - a wand of heal wounds (0/9)
 X - a wand of disintegration (3/24)
 Y - a wand of hasting (3/9)
Scrolls
 c - 4 scrolls of holy word
 h - 6 scrolls of fear
 j - 12 scrolls of blinking
 l - 21 scrolls of remove curse
 m - 3 scrolls of enchant weapon
 o - 11 scrolls of fog
 q - 7 scrolls of identify
 t - 2 scrolls of silence
 y - 19 scrolls of teleportation
 F - 2 scrolls of summoning
 T - 6 scrolls of amnesia
 Z - 6 scrolls of magic mapping
Potions
 d - a potion of agility
 e - 4 potions of magic
 n - 7 potions of haste
 p - 23 potions of curing
 u - a potion of cure mutation
 v - 13 potions of flight
 x - 9 potions of ambrosia
 A - 5 potions of invisibility
 L - 2 potions of brilliance
 N - 7 potions of cancellation
 O - 6 potions of might
Miscellaneous
 M - a figurine of a ziggurat
Comestibles
 f - 15 bread rations
 w - 10 slices of pizza
 H - 4 royal jellies
 I - 26 meat rations


   Skills:
 O Level 27 Fighting
 O Level 27 Maces & Flails
 + Level 5.3 Throwing
 O Level 27 Armour
 * Level 13.0 Dodging
 O Level 27 Shields
 + Level 14.6 Invocations
 * Level 12.7 Evocations


You had 26 spell levels left.
You didn't know any spells.

Dungeon Overview and Level Annotations

Branches:
Dungeon (15/15)            Temple (0/1) D:7            Lair (8/8) D:11
 Shoals (4/4) Lair:3       Spider (4/4) Lair:3        Slime (6/6) Lair:6
    Orc (2/2) D:9             Elf (3/3) Orc:2        Vaults (5/5) D:14
  Crypt (3/3) Vaults:3       Tomb (3/3) Crypt:3      Depths (5/5) D:15
   Hell (1/1)                 Dis (1/7) Hell            Geh (0/7) Hell
    Coc (7/7) Hell            Tar (7/7) Hell            Zot (1/5) Depths:5

Altars:
Cheibriados
Elyvilon
Fedhas
Gozag
Makhleb
Nemelex Xobeh
Okawaru
Qazlal
Ru
Sif Muna
Trog
Xom
Yredelemnul
Zin
The Shining One
Beogh
Jiyva

Shops:
D:2 *   D:7 =   D:8 %   Orc:2 ((%[   Elf:3 :   Vaults:2 :[   Vaults:4 %
Depths:1 :   Depths:4 [

Portals:
Hell: Lair:8 Depths:2 Depths:3 Depths:4 Depths:5
Abyss: Depths:1 Depths:2 Depths:4
Pandemonium: Depths:2 Depths:3 Depths:4
Ziggurat: Depths:5

Annotations:
Coc:7 Antaeus


Innate Abilities, Weirdness & Mutations

You are resistant to torment.
Your stone body is resilient (AC +20).
You are immune to poison.
Your large and strong wings let you fly indefinitely.
You resist negative energy.
You are resistant to electric shocks.
You can survive without breathing.
You are immune to petrification.
You are immune to rotting.
You can translocate small distances at will.
Scrolls take you a little longer to read.
You are clumsy. (Dex -2)
Your magical capacity is very low (-20% MP).
You regenerate slowly when monsters are visible.
You are sometimes teleported next to monsters.


Message History

* * * LOW HITPOINT WARNING * * *
Your corrosive artefact corrodes you!
You are encased in ice.
The Ice Fiend calls on the powers of darkness!
Your body is wracked with pain!
* * * LOW HITPOINT WARNING * * *
Drink which item? (? for menu, Esc to quit)
Okay, then.
Drink which item? (? for menu, Esc to quit)
You feel protected. You block the Ice Fiend's attack. x2
The Ice Fiend calls on the powers of darkness!
Your body is wracked with pain!
* * * LOW HITPOINT WARNING * * *
Antaeus gestures at you. The bolt of lightning misses you.
Drink which item? (? for menu, Esc to quit)
You feel better. You block the Ice Fiend's attack. x2
The Ice Fiend misses you. You block the Ice Fiend's attack. Antaeus hits you!!!
You die...

.≈≈≈≈≈#
#≈≈..## ##..
..≈≈≈≈# #≈≈..#
}}#.. ..≈≈≈≈#
#≈≈..# .|#
..≈≈≈≈# #≈≈..#
.=[# . ..≈≈≈≈#
#≈≈..## .[# ..
..≈≈≈≈#
#≈≈≈..##'##..≈
.≈≈≈≈≈#
##≈≈≈.†.....≈≈
≈≈≈≈≈≈#
#≈≈≈1C1....≈≈
≈≈≈≈≈≈#
#≈≈≈≈@1...≈≈≈
≈≈≈≈≈##
##≈≈≈≈≈...≈≈≈
≈≈≈≈≈#
#≈≈≈≈≈≈≈≈≈≈≈
≈≈≈≈≈#
##≈≈≈≈≈≈≈≈≈≈
≈≈≈≈≈#
#≈≈≈≈≈≈≈≈≈≈
######
###########


You could see Antaeus and 3 Ice Fiends.

Vanquished Creatures
  the Royal Jelly (Slime:6)
  Ereshkigal (Tar:7)
  the Serpent of Hell (Coc:7)
  An ancient lich (Tomb:1)
  An orb of fire (Zot:1)
  Mara (Depths:3)
  Mennas (Tomb:1)
  2 juggernauts
  The ghost of WhatIsLove the Wrestler, a veteran TrMo of Okawaru (Tomb:1)
  Sojobo (Tomb:2)
  Margery (Vaults:5)
  24 greater mummies
  10 shard shrikes
  Boris (Crypt:2)
  An iron giant (Depths:3)
  Saint Roka (Vaults:1)
  5 golden dragons
  Geryon (Hell)
  Arachne (Spider:2)
  Xtahua (Vaults:4)
  8 doom hounds
  11 bone dragons
  Jorgrun (Vaults:1)
  11 liches
  Rupert (Orc:2)
  11 tentacled monstrosities
  12 Ice Fiends
  5 deep elf blademasters
  A Hell Sentinel (Tar:3)
  7 titans
  Asterion (Vaults:1)
  30 Shadow Fiends
  3 deep elf master archers
  20 acid blobs
  An eldritch tentacle (Coc:7)
  2 krakens (Shoals:4)
  Frances (Spider:2)
  7 tentacled starspawn (Abyss:3)
  10 sphinxes
  Agnes (Spider:1)
  A death cob (Zot:1)
  4 ancient champions
  Kirke (Spider:1)
  17 shadow dragons
  5 storm dragons
  Roxanne (Shoals:2)
  2 revenants
  7 tengu reavers
  2 daevas (Abyss:3)
  2 draconian monks (Zot:1)
  5 azure jellies
  8 fire giants
  11 frost giants
  Wiglaf (Spider:2)
  3 balrugs
  5 ghost moths
  3 draconian knights
  13 vault wardens
  8 deep elf sorcerers
  3 ghouls
  5 curse skulls
  3 emperor scorpions (Spider:4)
  2 iron dragons
  A draconian shifter (Zot:1)
  6 deep elf elementalists
  6 orc warlords
  2 draconian zealots (Zot:1)
  28 reapers
  Louise (Shoals:3)
  A spriggan defender (Depths:3)
  3 draconian annihilators
  11 very ugly things
  21 ironheart preservers
  8 deep elf demonologists
  4 salamander stormcallers
  4 elemental wellsprings
  4 white draconians
  16 vampire knights
  Nessos (Orc:2)
  Azrael (D:14)
  21 stone giants
  A draconian caller (Depths:5)
  2 black draconians (Zot:1)
  3 green draconians (Zot:1)
  2 bennus (Tomb:2)
  2 red draconians
  4 yellow draconians
  13 deep elf annihilators
  A dire elephant (Lair:8)
  The ghost of Arkorax the Ripper, a journeyman FeBe of Trog (Spider:4)
  3 purple draconians
  6 spark wasps
  2 mottled draconians
  23 mummy priests
  8 deep elf death magi
  2 merfolk javelineers (Shoals:4)
  15 ettins
  6 eidola
  7 quicksilver dragon zombies
  23 fire dragons
  2 green deaths
  4 death oozes
  21 blizzard demons
  37 vault guards
  6 deep elf high priests
  The ghost of Zigma the Grappler, a journeyman DrMo of Qazlal (D:11)
  6 merfolk impalers
  19 yaktaur captains
  4 quicksilver dragon skeletons
  6 entropy weavers
  11 jiangshi
  5 rakshasas
  8 hydras
  12 great orbs of eyes
  35 ice dragons
  4 centaur warriors
  3 spriggan air magi
  A hell beast (Lair:8)
  15 ogre magi
  3 anacondas (shapeshifter)
  2 merfolk aquamancers (Shoals:4)
  An alligator snapping turtle (Shoals:4)
  2 catoblepae
  31 dancing weapons
  6 deep troll shamans
  6 death knights
  9 death yaks
  17 vampire magi
  3 satyrs
  7 deep troll earth magi
  An orc high priest (Orc:2)
  5 thrashing horrors (Abyss:3)
  7 tengu warriors
  Urug (D:13)
  6 titan zombies
  30 deep elf knights
  Sonja (D:11)
  7 spriggan berserkers
  2 storm dragon zombies
  6 titan skeletons
  3 sun demons
  17 hell knights
  3 wretched stars (Abyss:3)
  The ghost of Duffy the Grappler, a novice MiFi of Cheibriados (D:8)
  8 soul eaters
  2 spriggans (Depths:2)
  The ghost of Strylgvaidir the Chopper, a novice MiFi of Okawaru (D:6)
  2 death drakes
  82 death scarabs
  15 shadow wraiths
  An iron troll (Depths:2)
  A storm dragon skeleton (Tar:7)
  An iron troll (shapeshifter) (Vaults:5)
  9 giant orange brains
  14 anaconda zombies
  A fire crab (Vaults:4)
  10 unseen horrors
  25 deep trolls
  6 sea snakes
  3 spatial maelstroms (Abyss:3)
  4 ghost moth zombies
  7 golden dragon zombies
  107 skeletal warriors
  14 flayed ghosts
  A deep troll (shapeshifter) (Vaults:2)
  A hill giant (shapeshifter) (Vaults:5)
  A gelid demonspawn (Depths:2)
  23 anubis guards
  15 shadow demons
  22 deep elf archers
  A lindwurm (Lair:8)
  11 hill giants
  8 shadow dragon zombies
  A lindwurm (shapeshifter) (Vaults:5)
  4 wizards
  22 phantasmal warriors
  14 necromancers
  8 anaconda skeletons
  5 golden dragon skeletons
  75 deep elf magi
  14 harpies
  2 hornets (shapeshifter)
  2 mana vipers (Abyss:3)
  4 wolf spider zombies
  21 ironbrand convokers
  2 orc sorcerers
  14 orb spiders
  3 frost giant zombies
  An oklob plant (Lair:5)
  7 shining eyes
  6 fire giant zombies
  6 hornets
  25 orc knights
  42 wolf spiders
  47 ugly things
  7 water nymphs
  7 fauns (Shoals:4)
  5 iron dragon zombies
  A moth of wrath (shapeshifter) (Vaults:5)
  A wolf spider (shapeshifter) (Vaults:5)
  8 manticores
  4 cyclopes
  4 sixfirhies
  2 shadow dragon skeletons
  A worldbinder (Abyss:3)
  2 shock serpent zombies
  7 stone giant zombies
  3 iron dragon skeletons
  5 sirens
  6 fire giant skeletons
  10 moths of wrath
  17 griffons
  5 stone giant skeletons
  14 vault sentinels
  6 centaur zombies
  14 elephants
  7 rust devils
  9 black mambas
  5 frost giant skeletons
  A guardian serpent (Abyss:3)
  An ice statue (Coc:7)
  8 orange demons
  2 apocalypse crabs (Abyss:3)
  3 dire elephant zombies
  6 gargoyles
  An eye of devastation (Slime:2)
  A human skeleton (Vaults:3)
  3 smoke demons (Abyss:3)
  A torpor snail (Spider:4)
  A shock serpent skeleton (Crypt:1)
  17 spiny frogs
  A yaktaur (shapeshifter) (Vaults:4)
  8 dire elephant skeletons
  6 hellions
  6 kobold demonologists
  10 small abominations
  3 fire drakes
  9 demonic crawlers
  10 tengu conjurers
  20 tormentors
  3 anaconda simulacra
  2 efreet
  3 hellwings
  12 komodo dragons
  39 yaktaurs
  32 ice devils
  7 red devils
  2 golden dragon simulacra
  49 guardian mummies
  3 trolls (shapeshifter)
  5 silent spectres
  41 freezing wraiths
  A polar bear (shapeshifter) (Elf:2)
  18 merfolk
  18 hydra zombies
  4 wind drakes
  8 ancient zymes (Abyss:3)
  13 trolls
  3 polar bears
  16 two-headed ogres
  8 bog bodies
  3 harpy zombies
  A tengu simulacrum (Vaults:4)
  2 ettin zombies
  33 jumping spiders
  10 alligator zombies
  8 hydra skeletons
  3 fire dragon zombies
  5 boulder beetles
  2 harpy skeletons
  61 slime creatures
  17 raiju
  A death drake skeleton (Crypt:1)
  23 blink frogs
  A frost giant simulacrum (Tar:2)
  12 snapping turtles
  15 ushabtiu
  20 large abominations
  26 water elementals
  113 flying skulls
  16 starcursed masses (Abyss:3)
  A spriggan (shapeshifter) (Depths:3)
  5 ice dragon zombies
  3 vampires
  6 ynoxinuls (Abyss:3)
  9 ettin skeletons
  21 shadows
  A wyvern (shapeshifter) (Vaults:4)
  A dire elephant simulacrum (Tomb:1)
  3 air elementals
  3 alligator skeletons
  62 redbacks
  2 ice dragon skeletons
  72 yaks
  6 fire elementals
  2 wyverns
  22 wraiths
  33 tarantellas
  2 hogs (shapeshifter)
  Grum (D:8)
  3 hogs (Spider:1)
  2 fire dragon skeletons
  6 golden eyes
  A human (shapeshifter) (Elf:2)
  7 hungry ghosts
  5 neqoxecs (Abyss:3)
  2 human simulacra
  6 basilisks
  A steam dragon (D:14)
  3 hippogriffs (shapeshifter)
  5 chaos spawn (Abyss:3)
  A golden eye (shapeshifter) (Depths:3)
  12 wolves
  Menkaure (D:5)
  8 vampire mosquitoes (Vaults:3)
  11 hippogriffs
  14 wargs
  A harpy simulacrum (Coc:5)
  An insubstantial wisp (Abyss:3)
  A mottled dragon (Vaults:2)
  A mottled draconian simulacrum (Crypt:1)
  A faun skeleton (Crypt:2)
  24 hell hounds
  11 spiny frog zombies
  2 hydra simulacra
  7 porcupines
  23 water moccasins
  A porcupine (shapeshifter) (Vaults:5)
  16 ice beasts
  8 phantoms
  3 spiny frog skeletons
  2 sky beasts
  An alligator simulacrum (Coc:6)
  2 snapping turtle zombies
  24 necrophages
  2 black bears
  4 eyes of draining
  68 orc warriors
  4 wasps
  A black bear (shapeshifter) (Vaults:1)
  A manticore zombie (Coc:7)
  An elf skeleton (Vaults:3)
  19 boggarts
  70 ogres
  20 centaurs
  A manticore skeleton (Tar:1)
  A swamp dragon skeleton (Abyss:3)
  12 crocodiles
  A snapping turtle skeleton (Crypt:3)
  A fire drake zombie (Crypt:2)
  3 human zombies
  27 giant frogs
  6 big kobolds
  Blork the orc (D:5)
  2 gnoll sergeants
  5 earth elementals
  A yaktaur skeleton (Crypt:1)
  A glowing shapeshifter simulacrum (Depths:2)
  A polar bear zombie (Crypt:2)
  4 scorpions
  A spriggan zombie (Abyss:3)
  A queen bee zombie (Crypt:2)
  9 killer bees
  A swamp dragon simulacrum (Coc:7)
  53 wights
  8 electric eels
  10 crimson imps
  2 giant frog zombies
  4 quasits
  16 hounds
  23 jellies
  3 giant frog skeletons
  A jelly (shapeshifter) (Vaults:5)
  8 centaur skeletons
  2 gnoll shamans
  29 orc priests
  26 orc wizards
  A two-headed ogre skeleton (Crypt:1)
  7 iron imps
  A black bear skeleton (Crypt:2)
  12 iguanas
  Natasha (thrice) (D:4)
  A hell rat (Coc:7)
  15 worker ants
  18 sheep
  An ogre zombie (Tar:4)
  A naga zombie (Tar:2)
  A centaur simulacrum (Tar:7)
  A tengu zombie (Coc:5)
  4 tengu skeletons
  A hound zombie (D:7)
  55 mummies
  Robin (D:4)
  3 worker ant zombies
  10 adders
  27 gnolls
  75 river rats
  17 shadow imps
  18 white imps
  A giant eyeball (Depths:5)
  4 ufetubi
  2 adder zombies
  3 adder skeletons
  2 worms
  8 giant geckos
  140 orcs
  2 ball pythons
  11 bats
  4 giant cockroaches
  14 goblins
  16 hobgoblins
  16 jackals
  33 kobolds
  7 quokkas
  5 giant newts
  A kobold simulacrum (Coc:4)
  A kobold zombie (Tomb:1)
  An orc skeleton (Tar:2)
  6 rats
  A spectral orc (D:2)
  4 crawling corpses (Vaults:5)
  3 plants
  4 tentacles (Shoals:4)
4089 creatures vanquished.

Vanquished Creatures (collateral kills)
  A golden eye (Slime:6)
1 creature vanquished.

Vanquished Creatures (others)
  A deep elf master archer (Depths:4)
  4 eldritch tentacles
  An ancient champion (Tomb:2)
  Polyphemus (Shoals:2)
  2 tengu reavers (Tomb:2)
  A deep elf elementalist (Vaults:5)
  An elemental wellspring (Coc:7)
  A stone giant (Depths:4)
  A starcursed mass (Abyss:3)
  4 merfolk javelineers
  A mummy priest (Tomb:2)
  An ice dragon (Coc:7)
  2 yaktaur captains
  A satyr (Shoals:3)
  2 tengu warriors (Depths:3)
  A deep elf knight (Elf:3)
  A storm dragon skeleton (Tomb:1)
  A skeletal warrior (Tomb:3)
  An anaconda zombie (Tomb:2)
  A deep elf archer (Vaults:5)
  An orb spider (Spider:4)
  3 cyclopes
  5 fauns
  4 yaktaurs
  A guardian mummy (Tomb:2)
  29 flying skulls
  2 fire elementals (Hell)
  A black mamba zombie (Tomb:2)
  A water elemental (Elf:3)
  A wraith (Coc:1)
  2 humans (Spider:1)
  An alligator simulacrum (Hell)
  2 centaurs
  A small abomination (Abyss:3)
  2 mummies
  A quokka (D:15)
  3 crawling corpses (Vaults:5)
  357 eldritch tentacle segments
  6 fungi
  3 lost souls
  2 lurking horrors (Abyss:3)
  9 plants
  26 starspawn tentacles (Abyss:3)
  276 starspawn tentacle segments (Abyss:3)
  10 tentacles (Shoals:4)
  487 tentacle segments (Shoals:4)
  14 withered plants (Crypt:3)
1279 creatures vanquished.

Grand Total: 5369 creatures vanquished

Notes
Turn   | Place    | Note
--------------------------------------------------------------
     0 | D:1      | Vodkovich the Gargoyle Fighter began the quest for the Orb.
     0 | D:1      | Reached XP level 1. HP: 14/14 MP: 1/1
   109 | D:1      | Reached XP level 2. HP: 17/19 MP: 2/2
  1139 | D:2      | Reached XP level 3. HP: 21/24 MP: 3/3
  1428 | D:2      | Found Zin's Purification Station.
  1452 | D:2      | Reached skill level 1 in Dodging
  1452 | D:2      | Reached XP level 4. HP: 27/29 MP: 4/4
  1466 | D:2      | Found a glowing silver altar of Zin.
  1509 | D:2      | Reached skill level 4 in Shields
  1512 | D:2      | Found a sparkling altar of Nemelex Xobeh.
  1619 | D:2      | Found a basalt altar of Yredelemnul.
  1801 | D:3      | Found a deep blue altar of Sif Muna.
  1846 | D:3      | Found a shimmering altar of Xom.
  2293 | D:3      | Reached XP level 5. HP: 31/33 MP: 5/5
  2637 | D:4      | Noticed Robin
  2692 | D:4      | Killed Robin
  2866 | D:4      | Noticed Natasha
  2881 | D:4      | Killed Natasha
  2881 | D:4      | Reached XP level 6. HP: 34/38 MP: 6/6
  2953 | D:4      | Noticed Natasha
  2961 | D:4      | Killed Natasha
  3269 | D:4      | Noticed Natasha
  3286 | D:4      | Killed Natasha
  3286 | D:4      | Reached skill level 5 in Shields
  3447 | D:5      | Entered Level 5 of the Dungeon
  3506 | D:5      | Found an iron altar of Okawaru.
  3519 | D:5      | Became a worshipper of Warmaster Okawaru
  3531 | D:5      | Noticed Blork the orc
  3537 | D:5      | Noticed Menkaure
  3569 | D:5      | Reached XP level 7. HP: 25/44 MP: 7/7
  3573 | D:5      | Killed Blork the orc
  3592 | D:5      | Killed Menkaure
  3592 | D:5      | Reached * piety under Okawaru
  3592 | D:5      | Reached skill level 5 in Armour
  3906 | D:5      | Reached skill level 6 in Shields
  4471 | D:5      | Reached XP level 8. HP: 48/48 MP: 8/8
  4480 | D:5      | Reached skill level 5 in Maces & Flails
  5044 | D:6      | Found a white marble altar of Elyvilon.
  5101 | D:6      | Reached skill level 5 in Fighting
  5101 | D:6      | Reached skill level 7 in Shields
  5320 | D:6      | Reached ** piety under Okawaru
  5442 | D:6      | Noticed Strylgvaidir's ghost (novice MiFi)
  5448 | D:6      | Reached skill level 8 in Shields
  5448 | D:6      | Reached XP level 9. HP: 39/54 MP: 6/9
  5905 | D:7      | Found Zaits's Jewellery Emporium.
  5910 | D:7      | Bought a +3 ring of protection for 294 gold pieces
  5979 | D:7      | Reached skill level 9 in Shields
  6058 | D:7      | Reached *** piety under Okawaru
  6179 | D:7      | Found an opulent altar of Gozag.
  6239 | D:7      | Found a staircase to the Ecumenical Temple.
  7076 | D:7      | Reached skill level 10 in Shields
  7076 | D:7      | Reached XP level 10. HP: 59/61 MP: 10/10
  7284 | D:6      | Found a blossoming altar of Fedhas.
  7573 | D:6      | Killed Strylgvaidir's ghost
  7573 | D:6      | Reached **** piety under Okawaru
  7592 | D:6      | Found a sacrificial altar of Ru.
  7593 | D:6      | Found a glowing golden altar of the Shining One.
  7597 | D:6      | Found a bloodstained altar of Trog.
  7597 | D:6      | Found a snail-covered altar of Cheibriados.
  7629 | D:6      | Found a sparkling altar of Nemelex Xobeh.
  7929 | D:6      | Reached skill level 11 in Shields
  8116 | D:8      | Noticed Duffy's ghost (novice MiFi)
  8134 | D:8      | Killed Duffy's ghost
  8300 | D:8      | Found Vaatsoer's Food Shoppe.
  8324 | D:8      | Noticed Grum
  8341 | D:8      | Reached ***** piety under Okawaru
  8359 | D:8      | Killed Grum
  8724 | D:8      | Found a stormy altar of Qazlal.
  9033 | D:8      | Received a gift from Okawaru
  9060 | D:8      | Reached XP level 11. HP: 35/67 MP: 11/11
  9695 | D:8      | Reached skill level 12 in Shields
 10089 | D:9      | Found a staircase to the Orcish Mines.
 10293 | D:10     | Entered Level 10 of the Dungeon
 10302 | D:10     | Got a fine blowgun
 10303 | D:10     | Identified the +1 blowgun of the Fool {speed, rElec rPois MP+9 Str-3} (You found it on level 10 of the Dungeon)
 10886 | D:10     | Noticed a hill giant
 10896 | D:10     | Killed a hill giant
 10942 | D:10     | Received a gift from Okawaru
 11369 | D:11     | Noticed a purple ugly thing
 11369 | D:11     | Noticed a hill giant
 11701 | D:11     | Reached skill level 13 in Shields
 11775 | D:11     | Noticed Sonja
 11792 | D:11     | Killed a purple ugly thing
 11816 | D:11     | Noticed Zigma's ghost (journeyman DrMo)
 11821 | D:11     | Noticed a hill giant
 11906 | D:11     | Killed a hill giant
 12148 | D:11     | Found a staircase to the Lair.
 12154 | D:11     | Noticed an ogre mage
 12197 | D:11     | Reached XP level 12. HP: 65/75 MP: 12/12
 12293 | D:11     | Killed an ogre mage
 12393 | D:11     | Reached ****** piety under Okawaru
 12641 | D:11     | Reached skill level 14 in Shields
 12906 | D:11     | Killed Zigma's ghost
 12906 | D:11     | Received a gift from Okawaru
 12910 | D:11     | Got a transparent demon whip {god gift}
 12911 | D:11     | Identified the +11 demon whip of the Tooth {venom, *Corrode +Inv rN+ Str+7} (Okawaru gifted it to you on level 11 of the Dungeon)
 12915 | D:11     | Killed Sonja
 13016 | Lair:1   | Entered Level 1 of the Lair of Beasts
 13894 | Lair:2   | Reached skill level 10 in Armour
 14022 | Lair:2   | Reached skill level 10 in Maces & Flails
 14038 | Lair:2   | Reached XP level 13. HP: 66/82 MP: 13/13
 14123 | Lair:2   | Received a gift from Okawaru
 14147 | Lair:2   | Reached skill level 10 in Fighting
 14157 | Lair:2   | Got a slimy great mace {god gift}
 14171 | Lair:2   | Identified the +11 great mace "Zigick" {flame, *Corrode rF+ Int+3} (Okawaru gifted it to you on level 2 of the Lair of Beasts)
 14289 | Lair:2   | Reached skill level 15 in Shields
 15438 | Lair:3   | Found a staircase to the Shoals.
 15628 | Lair:3   | Received a gift from Okawaru
 15847 | Lair:3   | Found a hole to the Spider Nest.
 16417 | Lair:4   | Identified a scroll of acquirement
 17485 | Lair:5   | Gained mutation: Your large and strong wings let you fly indefinitely. [Gargoyle growth]
 17485 | Lair:5   | Reached XP level 14. HP: 84/90 MP: 14/14
 17641 | Lair:5   | Received a gift from Okawaru
 19078 | Lair:6   | Found a staircase to the Slime Pits.
 19079 | Lair:6   | Found a viscous altar of Jiyva.
 19108 | Lair:6   | Reached skill level 16 in Shields
 19569 | Lair:6   | Received a gift from Okawaru
 20956 | Lair:8   | Entered Level 8 of the Lair of Beasts
 21021 | Lair:8   | Reached XP level 15. HP: 92/97 MP: 15/15
 21103 | Lair:8   | Got a flickering turquoise ring
 21107 | Lair:8   | Identified the ring "Udesha" {MR++ Str+5 Dex+3 Slay-3} (You found it on level 8 of the Lair of Beasts)
 21498 | Lair:8   | Received a gift from Okawaru
 21498 | Lair:8   | Reached skill level 17 in Shields
 21535 | Lair:8   | Found a burning altar of Makhleb.
 21702 | Lair:8   | Found a gateway to Hell.
 22555 | D:12     | Received a gift from Okawaru
 22567 | D:12     | Got a bloodstained spear {god gift}
 22568 | D:12     | Identified the +1 spear of Propriety {flame, +Inv rPois MP-9 Str+2} (Okawaru gifted it to you on level 12 of the Dungeon)
 22796 | D:12     | Reached skill level 5 in Dodging
 23141 | Orc:1    | Entered Level 1 of the Orcish Mines
 23156 | Orc:1    | Noticed an orc warlord
 23190 | Orc:1    | Killed an orc warlord
 23676 | Orc:2    | Entered Level 2 of the Orcish Mines
 23693 | Orc:2    | Noticed Nessos
 23711 | Orc:2    | Killed Nessos
 23765 | Orc:2    | Noticed Rupert
 23786 | Orc:2    | Killed Rupert
 23900 | Orc:2    | Reached skill level 18 in Shields
 24158 | Orc:2    | Received a gift from Okawaru
 24163 | Orc:2    | Got a pair of twisted gloves {god gift}
 24174 | Orc:2    | Identified the +2 pair of gloves "Majuon" {rN+ rCorr Str+7 Int-3} (Okawaru gifted it to you on level 2 of the Orcish Mines)
 24230 | Orc:2    | Found a staircase to the Elven Halls.
 24693 | Orc:2    | Found a roughly hewn altar of Beogh.
 24712 | Orc:2    | Found Zadiacae's Food Boutique.
 24712 | Orc:2    | Found Fukicom's Antique Armour Emporium.
 24731 | Orc:2    | Reached XP level 16. HP: 106/106 MP: 16/16
 24965 | Orc:2    | Found Vegel's Antique Weapon Emporium.
 25004 | Orc:2    | Found Doxuvut's Antique Weapon Boutique.
 25350 | D:13     | Gained mutation: You possess an exceptional clarity of mind. [mutagenic meat]
 25351 | D:13     | Gained mutation: You have a pair of small horns on your head. [mutagenic meat]
 25484 | D:13     | Noticed Urug
 25495 | D:13     | Killed Urug
 25598 | D:13     | Got a slimy long sword
 25599 | D:13     | Identified the +7 long sword of Winter {distort, +Rage rPois} (You found it on level 13 of the Dungeon)
 25678 | D:13     | Gained mutation: Scrolls take you a little longer to read. [mutagenic glow]
 25812 | D:13     | Got a transparent mace
 25813 | D:13     | Identified the +8 mace of Massacring {drain, rElec MR- Stlth+} (You found it on level 13 of the Dungeon)
 26346 | D:14     | Found a gate to the Vaults.
 26592 | D:14     | Received a gift from Okawaru
 26613 | D:14     | Reached skill level 19 in Shields
 26619 | D:14     | Got a scorched large shield {god gift}
 26630 | D:14     | Identified the +4 large shield "Sefebere" {Dex+3} (Okawaru gifted it to you on level 14 of the Dungeon)
 26665 | D:14     | Noticed Azrael
 26688 | D:14     | Killed Azrael
 26688 | D:14     | Reached skill level 15 in Fighting
 26849 | D:15     | Entered Level 15 of the Dungeon
 26904 | D:15     | Found a portal to a secret trove of treasure.
 27061 | D:15     | Found a white marble altar of Elyvilon.
 27256 | D:15     | Found a staircase to the Depths.
 28125 | D:15     | You paid a toll of a +5 demon trident to enter a treasure trove
 28126 | Trove    | Entered a treasure trove
 28391 | Spider:1 | Entered Level 1 of the Spider Nest
 28472 | Spider:1 | Received a gift from Okawaru
 28486 | Spider:1 | Got an ichor-stained long sword
 28487 | Spider:1 | Identified the +7 long sword "Ocvegh" {slice, Int+4} (You found it on level 1 of the Spider Nest)
 28592 | Spider:1 | Reached XP level 17. HP: 113/113 MP: 17/17
 28827 | Spider:1 | Reached skill level 20 in Shields
 28858 | Spider:1 | Noticed Kirke
 28868 | Spider:1 | Killed Kirke
 29221 | Spider:1 | Noticed Agnes
 29238 | Spider:1 | Killed Agnes
 29449 | Spider:2 | Noticed Arachne
 29467 | Spider:2 | Killed Arachne
 29467 | Spider:2 | Received a gift from Okawaru
 29503 | Spider:2 | Got a faintly humming large shield {god gift}
 29514 | Spider:2 | Identified the -12 large shield of Piydyirphu {-Cast rElec MR++ Str-4} (Okawaru gifted it to you on level 2 of the Spider Nest)
 29580 | Spider:2 | Noticed Frances
 29594 | Spider:2 | Killed Frances
 29594 | Spider:2 | Reached skill level 1 in Throwing
 29854 | Spider:2 | Noticed Wiglaf
 29878 | Spider:2 | Killed Wiglaf
 30793 | Spider:4 | Entered Level 4 of the Spider Nest
 30937 | Spider:4 | Noticed Arkorax's ghost (journeyman FeBe)
 30973 | Spider:4 | Killed Arkorax's ghost
 31109 | Spider:4 | Reached skill level 21 in Shields
 31267 | Spider:4 | Received a gift from Okawaru
 31399 | Spider:4 | Reached XP level 18. HP: 89/122 MP: 18/18
 31748 | Spider:4 | Received a gift from Okawaru
 31982 | Spider:4 | Got a gossamer rune of Zot
 32491 | Spider:4 | Received a gift from Okawaru
 33136 | Hell     | Entered the Vestibule of Hell
 33228 | Hell     | Found a gateway to the Iron City of Dis.
 33239 | Hell     | Reached skill level 22 in Shields
 33276 | Hell     | Noticed Geryon
 33575 | Hell     | Killed Geryon
 34425 | Elf:1    | Entered Level 1 of the Elven Halls
 34782 | Elf:1    | Received a gift from Okawaru
 34999 | Elf:1    | Reached XP level 19. HP: 128/128 MP: 18/21
 35496 | Elf:2    | Reached XP level 20. HP: 134/134 MP: 22/22
 35640 | Elf:2    | Reached skill level 23 in Shields
 35788 | Elf:2    | Found a runed gate.
 35788 | Elf:2    | Found a runed gate.
 35790 | Elf:2    | Found a runed gate.
 36538 | Elf:3    | Entered Level 3 of the Elven Halls
 37112 | Elf:3    | Found Kyufegent's Book Emporium.
 37499 | Elf:3    | Received a gift from Okawaru
 37945 | Elf:3    | Noticed a Brimstone Fiend
 38037 | Elf:3    | Reached skill level 24 in Shields
 38516 | Elf:3    | Received a gift from Okawaru
 38587 | Elf:3    | Reached XP level 21. HP: 137/141 MP: 23/23
 38634 | Elf:3    | Identified a +3 rod of the swarm (10/10) (You took it off a deep elf demonologist on level 3 of the Elven Halls)
 38666 | Elf:3    | Cast into level 2 of the Abyss (a deep elf demonologist)
 38711 | Abyss:3  | Found a corrupted altar of Lugonu.
 38893 | Abyss:3  | Found a corrupted altar of Lugonu.
 39049 | Abyss:3  | Gained mutation: You are weak. (Str -2) [a neqoxec]
 39413 | Abyss:3  | Found an iron altar of Okawaru.
 39590 | Abyss:3  | Gained mutation: You expend magic power (3 MP) to strengthen your wands. [a neqoxec]
 39700 | Abyss:3  | Gained mutation: Your body sometimes deteriorates upon taking damage. [a neqoxec]
 39775 | Abyss:3  | Paralysed by accursed screaming for 1 turns
 39780 | Abyss:3  | Paralysed by accursed screaming for 1 turns
 39837 | Abyss:3  | Reached skill level 25 in Shields
 40222 | Abyss:3  | Received a gift from Okawaru
 40240 | Abyss:3  | Got a transparent mace {god gift}
 40249 | Abyss:3  | Paralysed by accursed screaming for 1 turns
 40276 | Abyss:3  | Found a corrupted altar of Lugonu.
 40452 | Elf:3    | Escaped the Abyss
 40556 | Elf:3    | Identified the +11 mace "Lyuceoha" {crush, +Blink} (Okawaru gifted it to you on level 3 of the Abyss)
 40561 | Elf:3    | Got a pitted scale mail
 40573 | Elf:3    | Identified the cursed +1 scale mail "Itoyl" {+Fly rC++ rCorr Str-3} (You found it on level 3 of the Elven Halls)
 40618 | Elf:3    | Identified the Incunabulum of Conjuration and Ice (You found it on level 3 of the Elven Halls)
 40627 | Elf:3    | Got a fine ring mail
 40638 | Elf:3    | Identified the +1 ring mail "Jarigont" {+Blink} (You found it on level 3 of the Elven Halls)
 40681 | Elf:3    | Lost mutation: You possess an exceptional clarity of mind. [potion of cure mutation]
 40681 | Elf:3    | Lost mutation: Your body sometimes deteriorates upon taking damage. [potion of cure mutation]
 40681 | Elf:3    | Lost mutation: You expend magic power (3 MP) to strengthen your wands. [potion of cure mutation]
 40681 | Elf:3    | Lost mutation: You are weak. (Str -2) [potion of cure mutation]
 40685 | Elf:3    | Got a glittering graven amulet
 41181 | D:12     | Identified the amulet of Ziyw {*Confuse rPois MR+ Regen+ Int+2} (You took it off a deep elf demonologist on level 3 of the Elven Halls)
 41246 | Vaults:1 | Entered Level 1 of the Vaults
 41407 | Vaults:1 | Noticed Jorgrun
 41424 | Vaults:1 | Killed Jorgrun
 41487 | Vaults:1 | Gained mutation: You have a pair of horns on your head. [mutagenic meat]
 41565 | Vaults:1 | Reached skill level 15 in Armour
 41577 | Vaults:1 | Reached XP level 22. HP: 149/149 MP: 24/24
 41750 | Vaults:1 | Received a gift from Okawaru
 42232 | Vaults:1 | Noticed Asterion
 42248 | Vaults:1 | Killed Asterion
 42325 | Vaults:1 | Noticed Saint Roka
 42381 | Vaults:1 | Killed Saint Roka
 42554 | Vaults:1 | Reached skill level 26 in Shields
 42587 | Vaults:1 | Cast into level 2 of the Abyss (a deep elf sorcerer)
 42658 | Abyss:3  | Found a radiant altar of Vehumet.
 42721 | Vaults:1 | Escaped the Abyss
 43106 | Vaults:2 | Found Kusying's Book Boutique.
 43322 | Vaults:2 | Received a gift from Okawaru
 43973 | Vaults:2 | Found Tuefyl's Antique Armour Shoppe.
 44354 | Vaults:2 | Reached XP level 23. HP: 120/156 MP: 25/25
 44666 | Vaults:3 | Received a gift from Okawaru
 44727 | Vaults:3 | Reached skill level 27 in Shields
 45065 | Vaults:3 | Found a staircase to the Crypt.
 46086 | Vaults:4 | Noticed Xtahua
 46105 | Vaults:4 | Killed Xtahua
 46204 | Vaults:4 | Received a gift from Okawaru
 46291 | Vaults:4 | Found Hacidatt's Food Emporium.
 46498 | Vaults:4 | Paralysed by a sphinx for 5 turns
 47015 | Vaults:4 | Received a gift from Okawaru
 47070 | Vaults:4 | Got a twitching granite ring
 47073 | Vaults:4 | Identified the ring of Goizietapn {Ice rElec rN+} (You found it on level 4 of the Vaults)
 47484 | Vaults:5 | Entered Level 5 of the Vaults
 47511 | Vaults:5 | Reached skill level 15 in Maces & Flails
 47575 | Vaults:5 | Reached XP level 24. HP: 164/164 MP: 25/25
 47786 | Vaults:5 | Noticed Margery
 47800 | Vaults:5 | Received a gift from Okawaru
 47934 | Vaults:5 | Paralysed by a sphinx for 2 turns
 47978 | Vaults:5 | Killed Margery
 48042 | Vaults:5 | Received a gift from Okawaru
 48058 | Vaults:5 | Gained mutation: You expend magic power (3 MP) to strengthen your wands. [mutagenic glow]
 48127 | Vaults:5 | Gained mutation: Armour fits poorly on your strangely shaped body. [mutagenic glow]
 48403 | Vaults:5 | Reached skill level 5 in Throwing
 48403 | Vaults:5 | Reached skill level 5 in Evocations
 48403 | Vaults:5 | Reached XP level 25. HP: 157/172 MP: 26/26
 48491 | Vaults:5 | Got an ancient hat
 48494 | Vaults:5 | Identified the -3 hat "Piogheu" {rCorr Str+2 Stlth+} (You found it on level 5 of the Vaults)
 48522 | Vaults:5 | Identified a +8 rod of shadows (12/12) (You found it on level 5 of the Vaults)
 48604 | Vaults:5 | Identified the Tome of Dislocation
 48650 | Vaults:5 | Reached XP level 26. HP: 138/179 MP: 26/26
 48758 | Vaults:5 | Got a jewelled scale mail
 48769 | Vaults:5 | Identified the cursed +1 scale mail "Xairghom" {Regen+ Str+2 Dex-5} (You found it on level 5 of the Vaults)
 48860 | Vaults:5 | Got a silver rune of Zot
 49580 | Vaults:5 | Got a warped copper ring
 49592 | Vaults:5 | Identified the ring "Fazu" {Slay+2 SInv Stlth-} (You found it on level 5 of the Vaults)
 49836 | Crypt:1  | Entered Level 1 of the Crypt
 49856 | Crypt:1  | Lost mutation: Armour fits poorly on your strangely shaped body. [potion of cure mutation]
 49856 | Crypt:1  | Lost mutation: Scrolls take you a little longer to read. [potion of cure mutation]
 49856 | Crypt:1  | Lost mutation: You have a pair of horns on your head. [potion of cure mutation]
 49856 | Crypt:1  | Lost mutation: You have a pair of small horns on your head. [potion of cure mutation]
 50390 | Crypt:1  | Received a gift from Okawaru
 51029 | Crypt:1  | Got a brightly glowing flail
 51030 | Crypt:1  | Identified the +8 flail "Zaudifut" {drain, rPois Str+2 Int+4} (You found it on level 1 of the Crypt)
 51493 | Crypt:2  | Noticed Boris
 51513 | Crypt:2  | Killed Boris
 51935 | Crypt:3  | Entered Level 3 of the Crypt
 52670 | Crypt:3  | Found a staircase to the Tomb.
 52829 | Crypt:3  | Got a flickering glass ring
 52861 | Crypt:3  | Identified the ring of Koqo Xoezogh {rPois rC+ MR+++ Dex-5} (You found it on level 3 of the Crypt)
 53323 | Shoals:1 | Entered Level 1 of the Shoals
 53349 | Shoals:1 | Received a gift from Okawaru
 53736 | Shoals:2 | Noticed Polyphemus
 53747 | Shoals:2 | Killed Polyphemus
 54014 | Shoals:2 | Noticed Roxanne
 54054 | Shoals:2 | Killed Roxanne
 54118 | Shoals:2 | Reached XP level 27. HP: 172/186 MP: 26/26
 54302 | Shoals:3 | Noticed Louise
 54321 | Shoals:3 | Killed Louise
 54421 | Shoals:4 | Entered Level 4 of the Shoals
 54501 | Shoals:4 | Got a crude steel ring
 54504 | Shoals:4 | Identified the ring "Kigoow" {*Confuse +Fly MR+ Int+6} (You acquired it on level 4 of the Shoals)
 55033 | Shoals:4 | Received a gift from Okawaru
 55041 | Shoals:4 | Got an iridescent demon whip {god gift}
 55043 | Shoals:4 | Identified the +4 demon whip of Compulsion {drain, rPois MP-9 Str+4} (Okawaru gifted it to you on level 4 of the Shoals)
 55056 | Shoals:4 | Got a scorched amber ring
 55058 | Shoals:4 | Identified the ring "Bosyxed" {SustAt rElec} (You found it on level 4 of the Shoals)
 55301 | Shoals:4 | Identified Sif Muna's Disquisition on the Gliding Traveller
 55496 | Shoals:4 | Got a barnacled rune of Zot
 55774 | Depths:1 | Entered Level 1 of the Depths
 56091 | Depths:1 | Found a one-way gate to the infinite horrors of the Abyss.
 56134 | Depths:1 | Found an iron altar of Okawaru.
 56170 | Depths:1 | Found Azxaelam's Book Emporium.
 56558 | Depths:2 | Found a one-way gate leading to the halls of Pandemonium.
 56693 | Depths:2 | Received a gift from Okawaru
 57548 | Depths:3 | Noticed Mara
 57563 | Depths:3 | Noticed Vodkovich's illusion
 57955 | Depths:3 | Noticed Vodkovich's illusion
 58029 | Depths:3 | Killed Mara
 58563 | Depths:3 | Received a gift from Okawaru
 58735 | Depths:3 | Got a faintly glowing mace {god gift}
 58741 | Depths:3 | Identified the +2 mace "Otwoexa" {crush, rC+ Int+4} (Okawaru gifted it to you on level 3 of the Depths)
 59446 | Depths:3 | Noticed an iron giant
 59447 | Depths:3 | Noticed a juggernaut
 59492 | Depths:3 | Killed a juggernaut
 59511 | Depths:3 | Received a gift from Okawaru
 59531 | Depths:3 | Killed an iron giant
 59818 | Depths:3 | Identified the Incunabulum of Combat Magic
 59852 | Depths:3 | Identified a +2 rod of the swarm (10/10) (You found it on level 3 of the Depths)
 60052 | Depths:4 | Found an iron altar of Okawaru.
 60214 | Depths:4 | Got a pair of slimy boots
 60218 | Depths:4 | Identified the +1 pair of boots of the Serpent {*Drain rN+ Str+6 Stlth+} (You found it on level 4 of the Depths)
 60247 | Depths:4 | Got a bone flail
 60248 | Depths:4 | Identified the +5 flail of Ubiun {crush, +Blink +Fly rN+ MR-} (You found it on level 4 of the Depths)
 60322 | Depths:4 | Found Neliott's Armour Shoppe.
 60428 | Depths:4 | Noticed a juggernaut
 60444 | Depths:4 | Killed a juggernaut
 60989 | Depths:5 | Entered Level 5 of the Depths
 61117 | Depths:5 | Found a gateway to a ziggurat.
 61289 | Depths:5 | Found a gate to the Realm of Zot.
 61321 | Depths:5 | Received a gift from Okawaru
 61669 | Depths:5 | Found a flickering gateway to a bazaar.
 61675 | Bazaar   | Entered a bazaar
 61675 | Bazaar   | Found Waddun's Distillery.
 61675 | Bazaar   | Found Xediem Xont's General Store.
 61675 | Bazaar   | Found Faiwouv's Gadget Shop.
 61675 | Bazaar   | Found Ybuimos's Book Shoppe.
 61677 | Bazaar   | Found Lomuplug's Weapon Emporium.
 61709 | Bazaar   | Bought a potion of beneficial mutation for 420 gold pieces
 61720 | Bazaar   | Bought a potion of heal wounds for 50 gold pieces
 61732 | Depths:5 | Gained mutation: You can translocate small distances at will. [potion of beneficial mutation]
 62127 | Depths:5 | Paralysed by a giant eyeball for 3 turns
 62135 | Depths:5 | Paralysed by a giant eyeball for 2 turns
 62456 | Slime:1  | Entered Level 1 of the Pits of Slime
 62680 | Slime:3  | Gained mutation: You regenerate slowly when monsters are visible. [a shining eye]
 62683 | Slime:3  | Gained mutation: You are frail (-10% HP). [a shining eye]
 63254 | Slime:5  | Received a gift from Okawaru
 63586 | Slime:6  | Entered Level 6 of the Pits of Slime
 63723 | Slime:6  | Gained mutation: You are clumsy. (Dex -2) [a shining eye]
 63970 | Slime:6  | Noticed the Royal Jelly
 63999 | Slime:6  | Killed the Royal Jelly
 64080 | Slime:5  | Gained mutation: Your body sometimes deteriorates upon taking damage. [a shining eye]
 64093 | Slime:5  | Received a gift from Okawaru
 64102 | Slime:5  | Got an ichor-stained ring mail {god gift}
 64103 | Slime:5  | Identified the +1 ring mail of Paranoia {Int+7} (Okawaru gifted it to you on level 5 of the Pits of Slime)
 64962 | Slime:6  | Got a slimy tin amulet
 64963 | Slime:6  | Identified the amulet "Qawiqim" {Dismiss Int+4 Stlth+} (You found it on level 6 of the Pits of Slime)
 64972 | Slime:6  | Got a slimy rune of Zot
 65050 | Slime:6  | Identified a +4 rod of shadows (11/11) (You found it on level 6 of the Pits of Slime)
 65722 | Tomb:1   | Entered Level 1 of the Tomb of the Ancients
 65808 | Tomb:1   | Lost mutation: You are frail (-10% HP). [potion of cure mutation]
 65808 | Tomb:1   | Lost mutation: You expend magic power (3 MP) to strengthen your wands. [potion of cure mutation]
 65808 | Tomb:1   | Lost mutation: Your body sometimes deteriorates upon taking damage. [potion of cure mutation]
 65808 | Tomb:1   | Lost mutation: You are clumsy. (Dex -2) [potion of cure mutation]
 65972 | Tomb:1   | Noticed an ancient lich
 65982 | Tomb:1   | Noticed a greater mummy
 65990 | Tomb:1   | Killed an ancient lich
 66039 | Tomb:1   | Killed a greater mummy
 66811 | Tomb:2   | Noticed a greater mummy
 66812 | Tomb:2   | Noticed a greater mummy
 66817 | Tomb:2   | Noticed a greater mummy
 66817 | Tomb:2   | Noticed a greater mummy
 67129 | Tomb:2   | Noticed Sojobo
 67336 | Tomb:2   | Killed Sojobo
 67366 | Tomb:2   | Noticed Mennas
 67371 | Tomb:1   | Killed a greater mummy
 67382 | Tomb:1   | Killed a greater mummy
 67706 | Tomb:1   | Noticed WhatIsLove's ghost (veteran TrMo)
 67738 | Tomb:1   | Killed WhatIsLove's ghost
 67764 | Tomb:1   | Killed a greater mummy
 68107 | Tomb:1   | Killed a greater mummy
 68107 | Tomb:1   | Received a gift from Okawaru
 68163 | Tomb:1   | Killed Mennas
 68676 | Tomb:1   | Noticed a greater mummy
 68676 | Tomb:1   | Noticed a greater mummy
 68691 | Tomb:1   | Killed a greater mummy
 68694 | Tomb:1   | Noticed a greater mummy
 68701 | Tomb:1   | Killed a greater mummy
 68717 | Tomb:1   | Killed a greater mummy
 68801 | Tomb:1   | Noticed a greater mummy
 68849 | Tomb:1   | Killed a greater mummy
 69045 | Tomb:1   | Noticed a greater mummy
 69058 | Tomb:1   | Killed a greater mummy
 69233 | Tomb:1   | Noticed a greater mummy
 69243 | Tomb:1   | Killed a greater mummy
 69269 | Tomb:1   | Noticed a greater mummy
 69282 | Tomb:1   | Killed a greater mummy
 69283 | Tomb:1   | Noticed a greater mummy
 69297 | Tomb:1   | Noticed a greater mummy
 69299 | Tomb:1   | Noticed a greater mummy
 69309 | Tomb:1   | Killed a greater mummy
 69328 | Tomb:1   | Killed a greater mummy
 69339 | Tomb:1   | Killed a greater mummy
 69815 | Tomb:3   | Entered Level 3 of the Tomb of the Ancients
 69842 | Tomb:3   | Noticed a greater mummy
 69857 | Tomb:2   | Received a gift from Okawaru
 69865 | Tomb:2   | Got a steaming chain mail {god gift}
 69877 | Tomb:2   | Identified the +1 chain mail "Qob Fup" {*Drain Regen+ Int+2} (Okawaru gifted it to you on level 2 of the Tomb of the Ancients)
 69893 | Tomb:3   | Noticed a greater mummy
 69913 | Tomb:3   | Noticed a greater mummy
 70024 | Tomb:3   | Noticed a greater mummy
 71075 | Tomb:2   | Killed a greater mummy
 71088 | Tomb:3   | Noticed a greater mummy
 71444 | Tomb:2   | Killed a greater mummy
 71673 | Tomb:3   | Noticed a greater mummy
 71684 | Tomb:2   | Killed a greater mummy
 72444 | Tomb:2   | Killed a greater mummy
 72719 | Tomb:2   | Killed a greater mummy
 72982 | Tomb:3   | Killed a greater mummy
 73065 | Tomb:3   | Noticed a greater mummy
 73067 | Tomb:3   | Noticed a greater mummy
 73112 | Tomb:3   | Killed a greater mummy
 73120 | Tomb:3   | Received a gift from Okawaru
 73136 | Tomb:3   | Got a pair of faintly humming boots {god gift}
 73149 | Tomb:3   | Noticed a greater mummy
 73286 | Tomb:2   | Identified the +1 pair of boots of the Hills {Int+4 Dex+3} (Okawaru gifted it to you on level 3 of the Tomb of the Ancients)
 73306 | Tomb:3   | Killed a greater mummy
 73306 | Tomb:3   | Reached skill level 27 in Fighting
 73306 | Tomb:3   | Reached skill level 27 in Maces & Flails
 73316 | Tomb:3   | Killed a greater mummy
 74344 | Tomb:3   | Got a golden rune of Zot
 74459 | Tomb:3   | Got a pair of fine gloves
 74485 | Tomb:3   | Got a flickering platinum ring
 74832 | Tomb:1   | Identified the ring of Oenomania {SustAt rElec rPois rC+ Stlth-} (You found it on level 3 of the Tomb of the Ancients)
 74833 | Tomb:1   | Identified the cursed +0 pair of gloves of the Leaf {Dex+2} (You found it on level 3 of the Tomb of the Ancients)
 75678 | Dis:1    | Entered Level 1 of the Iron City of Dis
 76186 | Zot:1    | Entered Level 1 of the Realm of Zot
 76219 | Zot:1    | Noticed an orb of fire
 76229 | Zot:1    | Gained mutation: You are clumsy. (Dex -2) [an orb of fire]
 76248 | Zot:1    | Killed an orb of fire
 76337 | Zot:1    | Received a gift from Okawaru
 77179 | Hell     | Found a gateway to the decaying netherworld of Tartarus.
 77188 | Tar:1    | Entered Level 1 of Tartarus
 78520 | Tar:3    | Received a gift from Okawaru
 78909 | Tar:5    | Noticed an ancient lich
 79997 | Tar:5    | Gained mutation: Scrolls take you a little longer to read. [mutagenic glow]
 80101 | Tar:5    | Gained mutation: Your magical capacity is low (-10% MP). [mutagenic glow]
 80458 | Tar:7    | Entered Level 7 of Tartarus
 80631 | Tar:7    | Reached skill level 1 in Invocations
 80648 | Tar:7    | Received a gift from Okawaru
 81174 | Tar:7    | Gained mutation: Your magical capacity is very low (-20% MP). [mutagenic glow]
 81549 | Tar:7    | Reached skill level 27 in Armour
 81587 | Tar:7    | Reached skill level 5 in Invocations
 81654 | Tar:7    | Received a gift from Okawaru
 81855 | Tar:7    | Gained mutation: You are occasionally teleported next to monsters. [mutagenic glow]
 81950 | Tar:7    | Noticed Ereshkigal
 82009 | Tar:7    | Killed Ereshkigal
 82053 | Tar:7    | Got a bone rune of Zot
 82132 | Tar:7    | Reached skill level 10 in Invocations
 82682 | Hell     | Found a gateway to the freezing wastes of Cocytus.
 82717 | Coc:1    | Entered Level 1 of Cocytus
 83694 | Coc:5    | Received a gift from Okawaru
 84020 | Coc:5    | Reached skill level 10 in Dodging
 84231 | Coc:7    | Entered Level 7 of Cocytus
 84364 | Coc:7    | Noticed the Serpent of Hell
 84440 | Coc:7    | Reached skill level 10 in Evocations
 84752 | Coc:7    | Killed the Serpent of Hell
 84816 | Coc:7    | Received a gift from Okawaru
 84817 | Coc:7    | Got an encrusted demon whip {god gift}
 85001 | Coc:7    | Identified the +1 demon whip "Anoasch" {pain, rElec Dex+4} (Okawaru gifted it to you on level 7 of Cocytus)
 85279 | Coc:7    | Gained mutation: You are sometimes teleported next to monsters. [mutagenic glow]
 85509 | Coc:7    | Received a gift from Okawaru
 86311 | Hell     | Found a gateway to the ashen valley of Gehenna.
 88169 | Coc:7    | Got a crude glass ring
 88357 | Coc:7    | Identified the ring "Budiagh" {MR++ Dex+2} (You found it on level 7 of Cocytus)
 88660 | Coc:7    | Received a gift from Okawaru
 88712 | Coc:7    | Noticed Antaeus
 88751 | Coc:7    | HP: 9/199 [??? (1)]
 88753 | Coc:7    | Demolished by Antaeus

Vault maps used:
D:1:      tarquinn_simple_flora_water_d
D:2:      zin_purify, yredelemnul_forgotten_temple_becter,
          nemelex_xobeh_ov_fountains_minmay
D:3:      old_standard_altar, overflow_temple_1_default
D:4:      serial_bayou_pond_d, uniq_robin, uniq_natasha
D:5:      first_bread, basic_altar, uniq_menkaure, uniq_blork_the_orc
D:6:      grunt_temple_overflow_open, lemuel_crystal_altar,
          lemuel_crystal_altar, grunt_tough_drop
D:7:      kennysheep_housing_project, grunt_gozag_statues, temple_statues,
          serial_shops, shop, grunt_ogre_cave
D:8:      minmay_goldmine, grunt_qazlal_sundering, serial_shops, shop, uniq_grum
D:9:      orc_0_dummy
D:11:     hangedman_cross_stitches, lair_0_dummy, uniq_sonja
D:13:     uniq_urug
D:14:     david_vaults_4, dk_noncrumbling_3, uniq_azrael
D:15:     grunt_enter_depths_hoard, nicolae_trove_entry_diagonal,
          elyvilon_altar_4
Lair:1:   mumra_transporter_accident, minivault_25, grunt_megastairs_1
Lair:2:   st_stairs_6, infiniplex_staircase_pool
Lair:3:   minmay_shoals_entry_beasts, spider_nest_entry_funnel_web,
          serial_bayou, serial_bayou_lagoon_a, serial_bayou_shore_a,
          serial_bayou_crossing, serial_bayou_pond_e
Lair:5:   minmay_lair_oklob_items, serial_bayou_shore_b, grunt_megastairs_3,
          serial_bayou_shore_b
Lair:6:   slime_altar_1, serial_bayou_shore_b
Lair:7:   beast_lair_carwin_4
Lair:8:   evil_forest, nicolae_lair_grove_arrangements
Shoals:1: nicolae_shoals_so_close
Shoals:2: nicolae_shoals_siren_and_animal_friends, uniq_polyphemus, uniq_roxanne
Shoals:3: uniq_louise, uniq_ilsuiw
Shoals:4: shoals_end_hangedman, shoal_ilsuiw
Spider:1: uniq_agnes, uniq_kirke
Spider:2: uniq_arachne, uniq_frances, uniq_wiglaf
Spider:4: grunt_spider_rune_parallel, nicolae_orb_island
Slime:1:  basic_altar
Slime:4:  cheibrodos_slime_lost_civilization_4
Orc:2:    st_orc_town, uniq_rupert, uniq_nessos
Elf:1:    minmay_elf_crystal_heptagon, serial_sigils,
          serial_sigils_hangedman_gut, serial_sigils_hangedman_snap,
          serial_sigils_hangedman_gut, serial_sigils_hangedman_clutch,
          serial_sigils_hangedman_quiver
Elf:3:    minmay_elf_hall_x, serial_shops, shop
Vaults:1: v_misc_24, vaults_room_boxed, vaults_room_fours, vaults_dpeg_hooks,
          vaults_room_door_ring, nicolae_vaults_asterisk, v_misc_26,
          vaults_dpeg_encased_lava, uniq_asterion, uniq_saint_roka, uniq_jorgrun
Vaults:2: v_misc_14, vaults_room_hallway, ontoclasm_vaults_ring_small,
          hangedman_vaults_unwind, vaults_room_stairs_pillars, v_misc_13,
          v_misc_8, hangedman_vaults_slice, v_misc_13,
          nicolae_vaults_windows_and_doors_thing, vaults_room_guarded_vault,
          nicolae_vaults_border_crossing, serial_shops, shop, shop
Vaults:3: minmay_crypt_entry_simple_box, v_misc_5, nicolae_vaults_alarming,
          vaults_standard_mumra_lines, nicolae_vaults_little_ls, v_misc_14,
          nicolae_vaults_diagonal_hallway_8, ontoclasm_vaults_fault,
          ontoclasm_vaults_misaligned, nicolae_vaults_little_squares_5,
          ontoclasm_vaults_shout, hangedman_vaults_cutoff
Vaults:4: ontoclasm_vaults_loading_screen, v_misc_16, v_misc_24,
          hangedman_vaults_hat, grunt_vaults_twisty, v_misc_9,
          vaults_room_ringed_pool, vaults_dpeg_ring, vaults_dpeg_doors,
          v_pattern_5, ontoclasm_vaults_tryst, hangedman_vaults_restitches,
          nicolae_vaults_diagonal_hallway_7, vaults_room_fours, serial_shops,
          shop, uniq_xtahua
Vaults:5: uniq_margery
Crypt:2:  roderic_lattice_octagonal_star, uniq_boris
Crypt:3:  quadcrypt_mu
Tomb:2:   uniq_sojobo, uniq_mennas
Depths:1: abyss_entry_small_statue_room, lightli_too_deep, serial_shops,
          nicolae_shop_statue_plus, okawaru_ov_weapons_minmay
Depths:2: minmay_diamond_stairs, minmay_misc_feat_chi, grunt_pan_entry_spiral,
          hell_entry, abyss_entry, serial_bayou_shore_b, grunt_megastairs_4,
          infiniplex_staircase_9_rooms
Depths:3: hangedman_pleasuredromes, pan_entry, hell_entry, uniq_mara
Depths:4: evilmike_iron_armoury, minmay_misc_feat_secret_circle,
          grunt_pan_entry_in_and_out, serial_shops, shop, abyss_entry_crystal,
          hell_entry, serial_bayou_shore_b, kennysheep_random_hallway
Depths:5: grunt_zot_entry_funnels, enter_ziggurat_d, serial_shops,
          bzr_entry_road, roderic_lattice_a, grunt_hell_entry_dis_old
Dis:1:    grunt_megastairs_2
Coc:7:    coc_grunt
Tar:5:    lemuel_nasty_fountain
Tar:7:    tar_mu
Abyss:2:  evilmike_abyss_exit_smiterflies
Abyss:3:  hangedman_cross_veins, evilmike_abyss_rune_tentacle_tunnel
Bazaar:   bazaar_minmay_generic_island
Trove:    trove_wands_scrolls

Action                   |  1- 3 |  4- 6 |  7- 9 | 10-12 | 13-15 | 16-18 | 19-21 | 22-24 | 25-27 || total
-------------------------+-------+-------+-------+-------+-------+-------+-------+-------+-------++-------
Melee: Flail             |   134 |       |       |       |       |       |       |       |       ||   134
       Whip              |    73 |   222 |   654 |  1105 |       |       |       |       |       ||  2054
       Eveningstar       |       |       |       |    45 |       |       |       |       |       ||    45
       Demon whip        |       |       |       |   157 |  1612 |  1875 |  1341 |  1996 |  9463 || 16444
Throw: Javelin           |       |       |       |     5 |       |    24 |     6 |       |     9 ||    44
       Throwing net      |       |       |       |     1 |       |       |       |       |       ||     1
       Tomahawk          |       |       |       |       |     6 |     5 |     3 |       |       ||    14
Invok: Heroism           |       |       |     1 |       |       |       |       |       |       ||     1
       Finesse           |       |       |       |       |       |       |       |       |     4 ||     4
 Abil: Stop Flying       |       |       |       |       |       |     1 |       |       |       ||     1
       Blink             |       |       |       |       |       |       |       |       |     1 ||     1
       Fly               |       |       |       |       |       |       |       |       |     1 ||     1
Evoke: Wand              |       |       |       |       |       |     6 |    14 |    23 |    24 ||    67
  Use: Potion            |       |     2 |     3 |     2 |       |     5 |     1 |     3 |    24 ||    40
       Scroll            |       |       |     2 |    22 |    10 |    11 |     9 |     7 |    50 ||   111
 Stab: Held in net/web   |       |       |       |       |       |     1 |       |       |       ||     1
       Distracted        |       |       |       |       |       |       |       |       |     2 ||     2
  Eat: Chunk             |     2 |     7 |    15 |    19 |    33 |    28 |    14 |    18 |    33 ||   169
       Fruit             |       |       |       |     3 |     3 |     9 |    12 |     2 |    19 ||    48
       Beef jerky        |       |       |       |     1 |       |       |       |     1 |    21 ||    23
       Bread ration      |       |       |       |       |       |       |       |     1 |    15 ||    16
       Pizza             |       |       |       |       |       |       |       |       |     1 ||     1
